MLB
BALTIMORE ORIOLES @ DETROIT TIGERS
06/06/2099
 
TOP OF THE 1ST
Baltimore Orioles batting - Pitching for Detroit Tigers : RHP Rodrigo Mendoza
Pitching: RHP Rodrigo Mendoza
Batting: RHB Travis Darling 0-0: Called Strike
0-1: Bunt missed!
0-2: Ball
1-2: Ball
2-2: Ball
3-2: DOUBLE (Line Drive, 7LD, EV 100.0 MPH)
Batting: RHB Danny Haner 0-0: Ball
1-0: Called Strike
1-1: Foul Ball, location: 9LDF
1-2: Foul Ball, location: 23F
1-2: Fly out, F9 (Flyball, 89D, EV 101.3 MPH)
Runner from 2nd tags up, SAFE at 3rd, no throw by RF
Batting: RHB Eduardo Lopez 0-0: Foul Ball, location: 5SF
0-1: Foul Ball, location: 2F
0-2: Foul Ball, location: 23FF
0-2: Ball
1-2: Ground out 6-3 (Groundball, 6, EV 83.8 MPH)
Travis Darling scores
Batting: RHB Jonathan Skye 0-0: Called Strike
0-1: Ball
1-1: Ball
2-1: Ball
3-1: Swinging Strike
3-2: SOLO HOME RUN (Flyball, 89XD, EV 105.0 MPH), Distance : 419 ft
Batting: LHB Kenny West 0-0: Ball
1-0: Called Strike
1-1: Foul Ball, location: 3FF
1-2: Foul Ball, location: 9LSF
1-2: Strikes out looking
Top of the 1st over - 2 runs, 2 hits, 0 errors, 0 left on base; Baltimore 2 - Detroit 0
BOTTOM OF THE 1ST
Detroit Tigers batting - Pitching for Baltimore Orioles : RHP Brent Brzezinski
Pitching: RHP Brent Brzezinski
Batting: LHB Tim Wilson 0-0: Ball
1-0: Called Strike
1-1: Called Strike
1-2: Ball
2-2: Strikes out swinging
Batting: RHB Steve Selmon 0-0: SINGLE (Line Drive, 9S, EV 106.3 MPH)
Batting: LHB Jose Camacho 0-0: Ball
1-0: Called Strike
1-1: Called Strike
1-2: Strikes out swinging
Batting: RHB Chad Larson 0-0: Called Strike
0-1: Ball
1-1: Called Strike
1-2: Fly out, F9 (Flyball, 9, EV 87.5 MPH)
Bottom of the 1st over - 0 runs, 1 hit, 0 errors, 1 left on base; Baltimore 2 - Detroit 0
TOP OF THE 2ND
Baltimore Orioles batting - Pitching for Detroit Tigers : RHP Rodrigo Mendoza
Batting: LHB Nate Wagner 0-0: Foul Ball, location: 7LSFF
0-1: Ball
1-1: Ball
2-1: Called Strike
2-2: SINGLE (Groundball, 56D, EV 98.1 MPH)
Batting: SHB Josh Osborne 0-0: Ball
1-0: Ball
2-0: DOUBLE (Line Drive, 5D, EV 94.4 MPH)
Nate Wagner to third
Batting: LHB Dave Schwabe 0-0: Foul Ball, location: 2F
0-1: Called Strike
0-2: Ball
1-2: Ball
2-2: Strikes out swinging
Batting: RHB Bobby Warner 0-0: Fly out, F9 (Flyball, 89S, EV 81.3 MPH)
Pitching: LHP Victor Casas
Batting: RHB Travis Darling 0-0: Foul Ball, location: 2LF
0-1: Foul Ball, location: 2F
0-2: Ball
1-2: Foul Ball, location: 9LMF
1-2: Ball
2-2: Foul Ball, location: 9LMF
2-2: Foul Ball, location: 2F
2-2: Strikes out looking
Top of the 2nd over - 0 runs, 2 hits, 0 errors, 2 left on base; Baltimore 2 - Detroit 0
BOTTOM OF THE 2ND
Detroit Tigers batting - Pitching for Baltimore Orioles : RHP Brent Brzezinski
Batting: RHB Nate D'Acquisto 0-0: Called Strike
0-1: Ball
1-1: Ball
2-1: Foul Ball, location: 7LSF
2-2: Ground out 6-3 (Groundball, 6, EV 91.3 MPH)
Batting: RHB Jake Henson 0-0: SINGLE (Groundball, 6MD, EV 110.0 MPH)
Batting: SHB Brian Shepherd 0-0: Swinging Strike
Jake Henson steals 2nd base
0-1: Called Strike
0-2: Ball
1-2: Foul Ball, location: 2F
1-2: Ball
2-2: Foul Ball, location: 25F
2-2: Ground out 4-3 (Groundball, 4M, EV 81.9 MPH)
Batting: RHB Ed Hochstetler 0-0: Ball
1-0: Ball
2-0: Fly out, F9 (Flyball, 89D, EV 86.3 MPH)
Bottom of the 2nd over - 0 runs, 1 hit, 0 errors, 1 left on base; Baltimore 2 - Detroit 0
TOP OF THE 3RD
Baltimore Orioles batting - Pitching for Detroit Tigers : LHP Victor Casas
Batting: RHB Danny Haner 0-0: Ball
1-0: Foul Ball, location: 23F
1-1: Foul Ball, location: 7LMF
1-2: Ball
2-2: Foul Ball, location: 2F
2-2: Foul Ball, location: 2F
2-2: Ground out 6-3 (Groundball, 6, EV 80.6 MPH)
Batting: RHB Eduardo Lopez 0-0: Ball
1-0: Ball
2-0: Ball
3-0: Called Strike
3-1: Base on Balls
Batting: RHB Jonathan Skye 0-0: Ball
1-0: Ball
2-0: Ball
3-0: Called Strike
3-1: 2-RUN HOME RUN (Line Drive, 9D, EV 95.6 MPH), Distance : 381 ft
Batting: LHB Kenny West 0-0: Called Strike
0-1: Foul Ball, location: 2F
0-2: Ball
1-2: Foul Ball, location: 2F
1-2: Fly out, F3 (Popup, 3F, EV 69.4 MPH)
Batting: LHB Nate Wagner 0-0: Ball
1-0: Ball
2-0: Called Strike
2-1: Foul Ball, location: 7LDF
2-2: Ball
3-2: Fly out, F9 (Flyball, 89M, EV 84.4 MPH)
Top of the 3rd over - 2 runs, 1 hit, 0 errors, 0 left on base; Baltimore 4 - Detroit 0
BOTTOM OF THE 3RD
Detroit Tigers batting - Pitching for Baltimore Orioles : RHP Brent Brzezinski
Batting: RHB Jon Robinson 0-0: Foul Ball, location: 9LSF
0-1: Ground out 6-3 (Groundball, 6, EV 85.6 MPH)
Batting: LHB Tim Wilson 0-0: Fly out, F8 (Flyball, 89S, EV 83.8 MPH)
Batting: RHB Steve Selmon 0-0: Ball
1-0: Ball
2-0: Ball
3-0: Called Strike
3-1: Called Strike
3-2: DOUBLE (Line Drive, 7LS, EV 98.8 MPH)
Batting: LHB Jose Camacho 0-0: Ball
1-0: Fly out, F8 (Line Drive, 8RM, EV 95.0 MPH)
Bottom of the 3rd over - 0 runs, 1 hit, 0 errors, 1 left on base; Baltimore 4 - Detroit 0
TOP OF THE 4TH
Baltimore Orioles batting - Pitching for Detroit Tigers : LHP Victor Casas
Batting: SHB Josh Osborne 0-0: Ball
1-0: Swinging Strike
1-1: Foul Ball, location: 2F
1-2: Strikes out swinging
Pitching: RHP Brian Pitts
Batting: LHB Dave Schwabe 0-0: Called Strike
0-1: Ball
1-1: Foul Ball, location: 3F
1-2: Ball
2-2: Fly out, F4 (Popup, 34, EV 71.9 MPH)
Batting: RHB Bobby Warner 0-0: Ball
1-0: Ball
2-0: Called Strike
2-1: Fly out, F8 (Flyball, 78S, EV 91.9 MPH)
Top of the 4th over - 0 runs, 0 hits, 0 errors, 0 left on base; Baltimore 4 - Detroit 0
BOTTOM OF THE 4TH
Detroit Tigers batting - Pitching for Baltimore Orioles : RHP Brent Brzezinski
Batting: RHB Chad Larson 0-0: Swinging Strike
0-1: Ball
1-1: Called Strike
1-2: Strikes out swinging
Batting: RHB Nate D'Acquisto 0-0: Ball
1-0: DOUBLE (Line Drive, 9LS, EV 108.1 MPH)
Batting: RHB Jake Henson 0-0: Called Strike
0-1: Foul Ball, location: 2F
0-2: Foul Ball, location: 9LSF
0-2: Ball
1-2: Foul Ball, location: 2RF
1-2: Fly out, F8 (Flyball, 8RXD, EV 93.1 MPH)
Batting: SHB Brian Shepherd 0-0: Ground out 6-3 (Groundball, 6, EV 105.0 MPH)
Bottom of the 4th over - 0 runs, 1 hit, 0 errors, 1 left on base; Baltimore 4 - Detroit 0
TOP OF THE 5TH
Baltimore Orioles batting - Pitching for Detroit Tigers : RHP Brian Pitts
Batting: RHB Travis Darling 0-0: Swinging Strike
0-1: Ball
1-1: Ball
2-1: Ball
3-1: Foul Ball, location: 9LSF
3-2: SINGLE (Line Drive, 56D, EV 103.8 MPH)
Batting: RHB Danny Haner 0-0: Called Strike
Travis Darling steals 2nd base
0-1: Ball
1-1: Ball
2-1: Ball
3-1: Foul Ball, location: 2F
3-2: Base on Balls
Batting: RHB Eduardo Lopez 0-0: Called Strike
0-1: Ball
1-1: Called Strike
1-2: Grounds into double play, 6-4-3 (Groundball, 6MD, EV 105.0 MPH)
Travis Darling to third
Batting: RHB Jonathan Skye 0-0: Ball
1-0: DOUBLE (Line Drive, 78D, EV 100.0 MPH)
Travis Darling scores
Batting: LHB Kenny West 0-0: Called Strike
0-1: Foul Ball, location: 2F
0-2: Ball
1-2: Fly out, F9 (Flyball, 9LS, EV 91.3 MPH)
Top of the 5th over - 1 run, 2 hits, 0 errors, 1 left on base; Baltimore 5 - Detroit 0
BOTTOM OF THE 5TH
Detroit Tigers batting - Pitching for Baltimore Orioles : RHP Brent Brzezinski
Batting: RHB Ed Hochstetler 0-0: Ball
1-0: Swinging Strike
1-1: Foul Ball, location: 3FF
1-2: Ball
2-2: Strikes out looking
Batting: RHB Jon Robinson 0-0: Ball
1-0: Called Strike
1-1: Called Strike
1-2: Strikes out swinging
Batting: LHB Tim Wilson 0-0: Swinging Strike
0-1: Fly out, F9 (Line Drive, 9, EV 96.9 MPH)
Bottom of the 5th over - 0 runs, 0 hits, 0 errors, 0 left on base; Baltimore 5 - Detroit 0
TOP OF THE 6TH
Baltimore Orioles batting - Pitching for Detroit Tigers : RHP Brian Pitts
Batting: LHB Nate Wagner 0-0: Ball
1-0: Swinging Strike
1-1: Ball
2-1: Foul Ball, location: 2F
2-2: Strikes out swinging
Pitching: RHP Justin Bertram
Batting: SHB Josh Osborne 0-0: Called Strike
0-1: Foul Ball, location: 3F
0-2: Strikes out swinging
Batting: LHB Dave Schwabe 0-0: Ball
1-0: Fly out, F7 (Flyball, 78M, EV 100.0 MPH)
Top of the 6th over - 0 runs, 0 hits, 0 errors, 0 left on base; Baltimore 5 - Detroit 0
BOTTOM OF THE 6TH
Detroit Tigers batting - Pitching for Baltimore Orioles : RHP Brent Brzezinski
Batting: RHB Steve Selmon 0-0: Ball
1-0: Foul Ball, location: 2F
1-1: Ball
2-1: Foul Ball, location: 9LMF
2-2: SINGLE (Line Drive, 8RS, EV 110.6 MPH)
Batting: LHB Jose Camacho 0-0: Called Strike
0-1: Swinging Strike
0-2: Foul Ball, location: 7LDF
0-2: Strikes out looking
Batting: RHB Chad Larson 0-0: Ball
1-0: Grounds into double play, 6-4-3 (Groundball, 6, EV 85.6 MPH)
Bottom of the 6th over - 0 runs, 1 hit, 0 errors, 0 left on base; Baltimore 5 - Detroit 0
TOP OF THE 7TH
Baltimore Orioles batting - Pitching for Detroit Tigers : RHP Justin Bertram
Batting: RHB Bobby Warner 0-0: Foul Ball, location: 2F
0-1: Ball
1-1: Foul Ball, location: 2F
1-2: Strikes out swinging
Batting: RHB Travis Darling 0-0: Called Strike
0-1: Foul Ball, location: 2F
0-2: Ground out 6-3 (Groundball, 6, EV 85.0 MPH)
Batting: RHB Danny Haner 0-0: Ball
1-0: Swinging Strike
1-1: Ball
2-1: Foul Ball, location: 9LDF
2-2: Fly out, F7 (Flyball, 7D, EV 103.1 MPH)
Top of the 7th over - 0 runs, 0 hits, 0 errors, 0 left on base; Baltimore 5 - Detroit 0
BOTTOM OF THE 7TH
Detroit Tigers batting - Pitching for Baltimore Orioles : RHP Brent Brzezinski
Batting: RHB Nate D'Acquisto 0-0: Ball
1-0: Ball
2-0: Ball
3-0: Called Strike
3-1: TRIPLE (Line Drive, 9LD, EV 99.4 MPH)
Pitching: RHP Miguel Castro
Batting: RHB Jake Henson 0-0: Called Strike
0-1: Ball
1-1: Foul Ball, location: 2F
1-2: SINGLE (Line Drive, 78S, EV 106.3 MPH)
Nate D'Acquisto scores
Batting: SHB Brian Shepherd 0-0: Ball
1-0: Ball
2-0: Called Strike
2-1: Ball
3-1: Base on Balls
Jake Henson to second
Batting: RHB Ed Hochstetler 0-0: Ball
1-0: Called Strike
1-1: Ball
2-1: Ball
3-1: Called Strike
3-2: SINGLE (Groundball, P, EV 91.3 MPH) (infield hit)
Jake Henson to third
Brian Shepherd to second
Pinch Hitting: RHB Francisco Salto 0-0: Ball
1-0: Ball
2-0: Fly out, F9 (Flyball, 89S, EV 80.6 MPH)
Batting: LHB Tim Wilson 0-0: Ball
1-0: Ball
2-0: Ball
3-0: Called Strike
3-1: Foul Ball, location: 23F
3-2: Fly out, F8 (Flyball, 8RM, EV 78.1 MPH)
Runner from 3rd tags up, SCORES, throw by CF
Brian Shepherd to third
Batting: RHB Steve Selmon 0-0: Fly out, F7 (Flyball, 7D, EV 108.8 MPH)
Bottom of the 7th over - 2 runs, 3 hits, 0 errors, 2 left on base; Baltimore 5 - Detroit 2
TOP OF THE 8TH
Baltimore Orioles batting - Pitching for Detroit Tigers : RHP Justin Bertram
Now at SS: Allan Alessi
Batting: RHB Eduardo Lopez 0-0: Ball
1-0: Swinging Strike
1-1: Fly out, F7 (Flyball, 7LMF, EV 89.4 MPH)
Batting: RHB Jonathan Skye 0-0: Called Strike
0-1: Ball
1-1: Fly out, F7 (Flyball, 7, EV 86.3 MPH)
Batting: LHB Kenny West 0-0: Swinging Strike
0-1: Ball
1-1: Ball
2-1: Swinging Strike
2-2: Ball
3-2: Strikes out swinging
Top of the 8th over - 0 runs, 0 hits, 0 errors, 0 left on base; Baltimore 5 - Detroit 2
BOTTOM OF THE 8TH
Detroit Tigers batting - Pitching for Baltimore Orioles : RHP Miguel Castro
Pitching: RHP Jared Norton
Now at 1B: Eduardo Lopez
Now at 3B: Josh Osborne
Now at SS: Lee Board
Now in LF: Rafael Garza
Now in CF: Danny Haner
Batting: LHB Jose Camacho 0-0: Foul Ball, location: 5FF
0-1: Called Strike
0-2: Ball
1-2: Ball
2-2: Ball
3-2: Fly out, F6 (Popup, 6MS, EV 80.0 MPH)
Batting: RHB Chad Larson 0-0: Called Strike
0-1: Ball
1-1: Swinging Strike
1-2: Hit by Pitch
Pinch Hitting: SHB Mike Knighten 0-0: Ball
1-0: DOUBLE (Groundball, 5L, EV 94.4 MPH)
Chad Larson to third
Pinch Hitting: LHB Jason Schneider 0-0: Swinging Strike
0-1: Ball
1-1: Ground out 4-3 (Groundball, 4, EV 84.4 MPH)
Batting: SHB Brian Shepherd 0-0: Ball
1-0: Ball
2-0: Fly out, F6 (Popup, 6S, EV 67.5 MPH)
Bottom of the 8th over - 0 runs, 1 hit, 0 errors, 2 left on base; Baltimore 5 - Detroit 2
TOP OF THE 9TH
Baltimore Orioles batting - Pitching for Detroit Tigers : RHP Justin Bertram
Pitching: RHP John Hernandez
Now at 3B: Mike Knighten
Now in CF: Jason Schneider
Batting: SHB Rafael Garza 0-0: Ball
1-0: Called Strike
1-1: Swinging Strike
1-2: Ball
2-2: Strikes out swinging
Batting: SHB Josh Osborne 0-0: Ball
1-0: Swinging Strike
1-1: Ball
2-1: Called Strike
2-2: Strikes out looking
Batting: LHB Dave Schwabe 0-0: Swinging Strike
0-1: Ball
1-1: Foul Ball, location: 9LMFF
1-2: Strikes out swinging
Top of the 9th over - 0 runs, 0 hits, 0 errors, 0 left on base; Baltimore 5 - Detroit 2
BOTTOM OF THE 9TH
Detroit Tigers batting - Pitching for Baltimore Orioles : RHP Jared Norton
Pitching: RHP Roger Diaz
Batting: RHB Ed Hochstetler 0-0: Called Strike
0-1: Swinging Strike
0-2: Foul Ball, location: 2RF
0-2: SINGLE (Flyball, 4MD, EV 90.6 MPH)
Batting: RHB Allan Alessi 0-0: Ball
1-0: Swinging Strike
1-1: Foul Ball, location: 2F
1-2: Strikes out swinging
Batting: LHB Tim Wilson 0-0: Fielders Choice at 2nd, 5-4 (Groundball, 5, EV 85.0 MPH)
Batting: RHB Steve Selmon 0-0: SINGLE (Groundball, 34S, EV 80.6 MPH)
Tim Wilson to second
Batting: LHB Jose Camacho 0-0: Ball
1-0: Ball
2-0: Foul Ball, location: 3DF
2-1: Swinging Strike
2-2: Ball
3-2: Base on Balls
Tim Wilson to third
Steve Selmon to second
Batting: RHB Chad Larson 0-0: Ball
1-0: Called Strike
1-1: Ball
2-1: Foul Ball, location: 2F
2-2: Fly out, F8 (Line Drive, 8RD, EV 101.3 MPH)
Bottom of the 9th over - 0 runs, 2 hits, 0 errors, 3 left on base; Baltimore 5 - Detroit 2
Wednesday, May 8th , 2024 - OOTP Baseball 24.11 Build 85